 Dungeon Crawl Stone Soup version 0.27.0-1-g7a089689b8 (webtiles) character file.

Game seed: 11975161074814582840

325 MajorAdolf the Sneak (level 6, 0/51 HPs)
             Began as a Naga Wanderer on Aug 8, 2021.
             Slain by Pikel (7 damage)
             ... on level 3 of the Dungeon on Aug 9, 2021.
             The game lasted 00:09:56 (4917 turns).

MajorAdolf the Sneak (Naga Wanderer)                Turns: 4917, Time: 00:09:56

Health: 0/51       AC:  4    Str: 15    XL:     6   Next: 48%
Magic:  7/10       EV:  8    Int: 14    God:
Gold:   197        SH:  0    Dex: 10    Spells: 4/11 levels left

rFire    . . .     SeeInvis +   c - +0 dagger
rCold    + . .     Faith    .   (no shield)
rNeg     . . .     Spirit   .   n - +1 leather armour {rC+}
rPois    +         Reflect  .   (no helmet)
rElec    .         Harm     .   (no cloak)
rCorr    .         Rampage  .   (no gloves)
Will     .....                  (no barding)
Stlth    ++........             (no amulet)
HPRegen  0.17/turn              (no ring)
MPRegen  0.12/turn              (no ring)

@: very slow
A: AC +2, large, see invisible, deformed body, poison resistance, slowness 2,
spit poison 1, naga tail 1
a: Spit Poison


You were on level 3 of the Dungeon.
You visited 1 branch of the dungeon, and saw 4 of its levels.

You collected 197 gold pieces.

Inventory:

Hand Weapons
 c - a +0 dagger (weapon)
Missiles
 h - a throwing net
Armour
 b - a +0 robe
 n - a +1 leather armour of cold resistance (worn)
Jewellery
 j - a ring of protection from cold
 k - a ring of protection from cold
Scrolls
 a - a scroll of teleportation {unknown}
 d - 2 scrolls of identify {unknown}
 e - a scroll of amnesia {unknown}
 m - a scroll of holy word {unknown}
Potions
 f - a potion of magic {unknown}
 g - 2 potions of heal wounds {unknown}
 i - a potion of resistance {unknown}
 l - a potion of brilliance {unknown}
 o - a potion of berserk rage {unknown}
 p - a potion of curing {unknown}


   Skills:
 - Level 1.0 Fighting
 - Level 2.0 Staves
 + Level 5.1 Stealth
 + Level 3.1 Spellcasting
 + Level 1.0 Conjurations
 + Level 1.0 Transmutations
 + Level 2.3 Fire Magic
 - Level 2.1 Ice Magic
 + Level 1.0 Air Magic
 + Level 4.0 Poison Magic
 - Level 1.0 Evocations


You had 4 spell levels left.
You knew the following spells:

 Your Spells              Type           Power      Damage    Failure   Level
a - Sting                 Tmut/Pois      36%        1d4       10%         1
b - Mephitic Cloud        Conj/Pois/Air  7%         N/A       34%         3
c - Ignite Poison         Fire/Tmut/Pois 9%         N/A       28%         3

Your spell library contained the following spells:

 Spells                   Type           Power      Damage    Failure   Level
 Magic Dart               Conj           20%        1d4       17%         1
 Corona                   Hex            2%         N/A       26%         1
 Ensorcelled Hibernation  Hex/Ice        10%        N/A       26%         2
 Blink                    Tloc           N/A        N/A       36%         2
 Call Imp                 Summ           2%         N/A       36%         2
 Slow                     Hex            2%         N/A       36%         2
 Conjure Flame            Conj/Fire      6%         6-21      36%         3
 Gell's Gravitas          Tloc           1%         N/A       61%         3
 Teleport Other           Tloc           2%         N/A       61%         3
 Tukima's Dance           Hex            2%         N/A       61%         3
 Dispersal                Tloc           1%         N/A       100%        6


Dungeon Overview and Level Annotations

Branches:
Dungeon (4/15)
 Temple: D:4-7

Altars:
Ashenzari
Elyvilon
Sif Muna
Vehumet

Annotations:
D:3 1 runed translucent door, Crazy Yiuf, Grinder, Pikel


Innate Abilities, Weirdness & Mutations

Your serpentine skin is tough. (AC +2)
You have supernaturally acute eyesight. (SInv)
Armour fits poorly on your strangely shaped body.
Your system is resistant to poisons. (rPois)
You cover ground very slowly.
You can spit poison.
You have a snake-like lower body.


Message History

The lemure hits you but does no damage.
There is a stone staircase leading up here.
The lemure hits you but does no damage. Pikel barely misses you.
You climb upwards.
Level annotation: 1 runed translucent door, Crazy Yiuf, Grinder
There is a stone staircase leading down, spattered with blood here.
Unknown command.
Pikel barely misses you.
Things that are here:
a +0 robe; a +0 dire flail; the orc skeleton of Blork the orc
Press: ? - help, Shift-Dir - straight line, f - Pikel
Aim: Pikel, wielding a +1 whip of electrocution and wearing a +2 robe of positive energy The splash of poison hits Pikel.
Pikel is poisoned.
Pikel is lightly wounded.
Pikel hits you with a +1 whip of electrocution.
Unknown command.
The sting hits Pikel.
Pikel looks even sicker.
Pikel is lightly wounded.
Pikel hits you with a +1 whip of electrocution!
The sting hits Pikel.
Pikel looks even sicker.
Pikel is lightly wounded.
You have got your breath back.
Pikel completely misses you.
The sting hits Pikel but does no damage.
Pikel looks as sick as possible!
Pikel is lightly wounded.
Pikel closely misses you.
The sting hits Pikel but does no damage.
Pikel looks as sick as possible!
Pikel is lightly wounded.
Pikel hits you with a +1 whip of electrocution!
Pikel hits you with a +1 whip of electrocution.
You are electrocuted!
* * * LOW HITPOINT WARNING * * *
Unknown command.
Okay, then.
Pikel says, "You'll rot in Tartarus!"
You see here a +0 short sword.
Pikel hits you with a +1 whip of electrocution!
You die...

...###############........≈≈P..P.
...#.............#...#####≈≈.P♣♣♣
...#............(#...#....#####..
...#........>[...#...#.#.... #..
...#...#########.#.<........ ###
...#...#.......#.#..........
...#...#.......#5#...##...5.
...#...'.......#K#..........
...#...#.......#@#..........#####
.......#.......#.#...###.........
.......#.......#.#.....#.....###.
.......#.......#.#.....#.........
⌠.._...#.......#.#...#.#....#....
.......#.......#.#...#.######....
.......#.#####.#.#...#.........#.
.......###...###.#...###.......##
.......##.....##.#...# #.........


You could see Pikel (very poisoned) and a lemure.

Vanquished Creatures
  2 lemures (D:3)
  Blork the orc (D:3)
  A scorpion (D:3)
  Jessica (D:3)
  Terence (D:3)
  Natasha (thrice) (D:2)
  An adder (D:3)
  2 worms (D:3)
  3 dart slugs
  An orc (D:3)
  6 endoplasms
  6 giant cockroaches
  5 goblins
  A hobgoblin (D:1)
  3 jackals (D:2)
  6 kobolds
  A ball python (D:3)
  5 bats
  4 frilled lizards
  7 rats
60 creatures vanquished.

Notes
Turn   | Place    | Note
-------+----------+-------------------------------------------
     0 | D:1      | MajorAdolf the Naga Wanderer began the quest for the Orb.
     0 | D:1      | MajorAdolf set off with the following items: a +0 club, a
                  | +0 robe, a piece from Xom's chessboard (15/15); and the
                  | following spells available to memorise: Magic Dart, Sting,
                  | Blink, Call Imp, Slow, Conjure Flame, Ignite Poison,
                  | Mephitic Cloud
     0 | D:1      | Reached XP level 1. HP: 18/18 MP: 2/2
     2 | D:1      | Learned a level 1 spell: Sting
   456 | D:1      | Reached XP level 2. HP: 18/25 MP: 2/4
   457 | D:1      | Reached skill level 2 in Stealth
   558 | D:1      | Reached skill level 1 in Poison Magic
  1275 | D:2      | Noticed Natasha
  1284 | D:2      | Killed Natasha
  1285 | D:2      | Reached skill level 3 in Stealth
  1285 | D:2      | Reached XP level 3. HP: 29/31 MP: 0/6
  1769 | D:2      | Noticed Natasha
  1880 | D:2      | Killed Natasha
  1881 | D:2      | Reached XP level 4. HP: 38/38 MP: 4/7
  2057 | D:2      | Noticed Natasha
  2553 | D:2      | Found a faded altar of an unknown god.
  2672 | D:2      | Killed Natasha
  2673 | D:2      | Reached skill level 4 in Stealth
  2673 | D:2      | Reached XP level 5. HP: 34/44 MP: 3/8
  2752 | D:3      | Found a broken altar of Ashenzari.
  2752 | D:3      | Found a shimmering blue altar of Sif Muna.
  2758 | D:3      | Learned a level 3 spell: Mephitic Cloud
  2762 | D:3      | Learned a level 3 spell: Ignite Poison
  2999 | D:3      | Found a radiant altar of Vehumet.
  3051 | D:3      | Noticed Terence
  3066 | D:3      | Killed Terence
  3222 | D:3      | Found a white marble altar of Elyvilon.
  3437 | D:3      | Noticed Jessica
  3450 | D:3      | Killed Jessica
  3588 | D:3      | Found a runed translucent door.
  3589 | D:3      | Noticed Crazy Yiuf
  3615 | D:3      | Noticed Grinder
  3752 | D:4      | Noticed Pikel
  3752 | D:4      | Noticed a lemure
  3752 | D:4      | Noticed a lemure
  3752 | D:4      | Noticed a lemure
  3752 | D:4      | Noticed a lemure
  3752 | D:4      | Noticed Blork the orc
  4098 | D:4      | Noticed a steam dragon
  4178 | D:3      | Reached XP level 6. HP: 37/51 MP: 3/10
  4674 | D:3      | Killed Blork the orc
  4675 | D:3      | Reached skill level 5 in Stealth
  4675 | D:3      | Reached skill level 1 in Conjurations
  4675 | D:3      | Reached skill level 1 in Transmutations
  4675 | D:3      | Reached skill level 1 in Air Magic
  4917 | D:3      | Slain by Pikel

Illustrated notes

Levels and vault maps discovered:
D:1:      dpeg_arrival_simpleton_b, layout_loops_ring, hex_tiny,
          grunt_decor_one_mirror, chequers_mini_garden, dk_noncrumbling_2,
          st_stairs_3
D:2:      layout_basic, shapermc_ecumenical_altar_pompeii, st_stairs_1,
          minmay_misc_feat_iff, chequers_serial_rivers_room_b, uniq_natasha
D:3:      layout_basic, lemuel_round_altar, grunt_temple_overflow_open,
          nicolae_elyvilon_peaceful_grove, uniq_terence,
          uniq_crazy_yiuf_cottage, uniq_grinder, uniq_jessica
D:4:      layout_rooms, lemuel_tele_altar, uniq_ijyb, uniq_pikel,
          uniq_blork_the_orc, uniq_menkaure

Skill      XL: |  1  2  3  4  5  6 |
---------------+-------------------+-----
Stealth        | 3 4 5 |  5.1
Poison Magic   | 1 2 3 4 |  4.0
Spellcasting   | 2 3 |  3.1
Conjurations   | 1 |  1.0
Transmutations | 1 |  1.0
Air Magic      | 1 |  1.0
Fighting       | |  1.0
Staves         | |  2.0
Fire Magic     | |  2.3
Ice Magic      | |  2.1
Evocations     | |  1.0

Action                   |  1- 3 |  4- 6 || total
-------------------------+-------+-------++-------
Melee: Unarmed           |     6 |       ||     6
       Club              |     2 |       ||     2
       Dagger            |    17 |     8 ||    25
 Cast: Sting             |    26 |    95 ||   121
 Abil: Spit Poison       |    13 |    17 ||    30
Evoke: Piece from Xom's  |     2 |       ||     2
 Stab: Sleeping          |     1 |       ||     1
Armor: Robe              |     7 |    13 ||    20
       Leather armour    |       |    12 ||    12
Dodge: Dodged            |    25 |    46 ||    71
